 Dungeon Crawl Stone Soup version 0.24-a0-230-g536ed4e (webtiles) character file.

Game seed: 4729536424135625952

88 geeko55 the Chiller (level 4, -2/30 HPs)
             Began as a Merfolk Ice Elementalist on Apr 2, 2019.
             Killed from afar by Blork the orc (6 damage)
             ... with a wand of flame (8)
             ... on level 4 of the Dungeon.
             The game lasted 00:12:51 (2947 turns).

geeko55 the Chiller (Merfolk Ice Elementalist)      Turns: 2947, Time: 00:12:52

Health: -2/30      AC:  6    Str:  8    XL:     4   Next: 54%
Magic:  9/17       EV: 13    Int: 15    God:
Gold:   100        SH:  0    Dex: 14    Spells: 2/9 levels left

rFire    . . .     SeeInvis .   e - +1 short sword
rCold    . . .     Gourm    .   (no shield)
rNeg     . . .     Faith    .   a - +1 robe
rPois    .         Spirit   .   (no helmet)
rElec    .         Reflect  .   (no cloak)
rCorr    .         Harm     .   (no gloves)
MR       .....                  i - +2 pair of boots
Stlth    +++.......             (no amulet)
HPRegen  0.10/turn              h - ring of magical power
MPRegen  0.15/turn              k - ring of stealth

@: very slightly contaminated
A: change form in water, swift swim, stealthy swim
a: no special abilities


You were on level 4 of the Dungeon.
You were very hungry.

You visited 1 branch of the dungeon, and saw 4 of its levels.

You collected 100 gold pieces.

Inventory:

Hand Weapons
 e - a +1 short sword (weapon)
Armour
 a - a +1 robe (worn)
 i - a +2 pair of boots (worn)
Jewellery
 h - a ring of magical power (left hand)
 k - a ring of stealth (right hand)
 l - an uncursed ring of wizardry {unknown}
Wands
 g - a wand of random effects (13)
Scrolls
 b - 2 scrolls of enchant weapon
 f - a scroll of identify
 m - a scroll of immolation {unknown}
Potions
 d - 2 potions of curing {unknown}
 j - a potion of degeneration {unknown}
 n - a potion of berserk rage {unknown}
 o - a potion of magic {unknown}
Comestibles
 c - 3 rations


   Skills:
 + Level 0.1 Short Blades
 - Level 3.3 Dodging
 * Level 3.1 Stealth
 - Level 3.2 Spellcasting
 - Level 0.7 Conjurations
 + Level 0.1 Hexes
 + Level 0.1 Charms
 + Level 3.7 Ice Magic


You had 2 spell levels left.
You knew the following spells:

 Your Spells              Type           Power        Failure   Level  Hunger
a - Freeze                Ice            ##..         4%          1    #......
b - Throw Frost           Conj/Ice       #.....       12%         2    ##.....
c - Ozocubu's Armour      Chrm/Ice       #.......     26%         3    ###....
d - Corona                Hex            #......      19%         1    #......

Your spell library contained the following spells:

 Spells                   Type           Power        Failure   Level  Hunger
 Ensorcelled Hibernation  Hex/Ice        #.....       13%         2    ##.....
 Dazzling Spray           Conj/Hex       #.....       43%         3    ###....
 Confuse                  Hex            #.......     50%         3    ###....
 Tukima's Dance           Hex            #.......     50%         3    ###....
 Throw Icicle             Conj/Ice       #.......     61%         4    #####..
 Summon Ice Beast         Ice/Summ       #.......     65%         4    #####..


Dungeon Overview and Level Annotations

Branches:
Dungeon (4/15)
 Temple: D:4-7

Altars:

Annotations:
D:4 Blork the orc


Message History

Casting: Throw Frost (safe; 12% risk of failure)
Confirm with . or Enter, or press ? or * to list all spells.
Aiming: Corona (safe; 19% risk of failure)
Press: ? - help, Shift-Dir - straight line, f/p - Blork the orc
Aim: Blork the orc, wielding a +0 long sword, wearing a +1 robe of fire resistance and carrying a wand of flame (8) (fast, chance to defeat MR: 35%) Blork the orc is outlined in light.
Blork the orc hits you with a +0 long sword!
Casting: Corona (safe; 19% risk of failure)
Confirm with . or Enter, or press ? or * to list all spells.
Aiming: Freeze (safe; 4% risk of failure)
Press: ? - help, Shift-Dir - straight line, f/p - Blork the orc
Aim: Blork the orc, wielding a +0 long sword, wearing a +1 robe of fire resistance and carrying a wand of flame (8) (fast, softly glowing)
You freeze Blork the orc.
Blork the orc is lightly wounded.
Blork the orc casts a spell at you. The magic dart hits you!
Blork the orc hits you with a +0 long sword.
* * * LOW HITPOINT WARNING * * *
Blork the orc zaps a wand.
The puff of flame hits you.
You die...

#.# #.# #<# #.# #.#
#?#########
#o........######
#.........)....#
#######@#######.####.#
.?......### #(# #.#
..........# #.# #.#
.##.##.##.#####.## #.#
# #. #........# #.# #.
#######..# #.# #. #..#
#.# ## #..# #<# ....
#.#


You could see Blork the orc.

Vanquished Creatures
  An adder (D:3)
  An ooze (D:3)
  3 dart slugs (D:1)
  A leopard gecko (D:1)
  4 orcs
  5 bats
  2 giant cockroaches
  5 goblins
  11 hobgoblins
  3 jackals (D:1)
  A quokka (D:2)
  A ball python (D:1)
  4 frilled lizards (D:1)
  13 kobolds
  6 rats
61 creatures vanquished.

Notes
Turn   | Place    | Note
-------+----------+-------------------------------------------
     0 | D:1      | geeko55 the Merfolk Ice Elementalist began the quest for
                  | the Orb.
     0 | D:1      | Reached XP level 1. HP: 13/13 MP: 3/3
   499 | D:1      | Reached XP level 2. HP: 19/19 MP: 3/5
   503 | D:1      | Learned a level 2 spell: Throw Frost
  1149 | D:1      | Reached XP level 3. HP: 24/24 MP: 3/6
  1892 | D:2      | Learned a level 3 spell: Ozocubu's Armour
  2120 | D:2      | Learned a level 1 spell: Corona
  2538 | D:3      | Reached XP level 4. HP: 28/30 MP: 8/8
  2939 | D:4      | Noticed Blork the orc
  2947 | D:4      | Killed from afar by Blork the orc

Levels and vault maps discovered:
D:1:      co_arrival_square_in_a_square_in_a_square, layout_basic,
          lemuel_flame_loot_1
D:2:      layout_loops_cross, kennysheep_decorative_pillar, serial_bayou_ford_a,
          feat_on_display
D:3:      layout_loops_ring, overflow_temple_1_default, lemuel_round_altar,
          first_ration, corexii_corridor_pit
D:4:      layout_loops_ring, chequers_temple_overflow_statue_of_worship,
          uniq_eustachio, uniq_blork_the_orc

Skill      XL: |  1  2  3  4 |
---------------+-------------+-----
Dodging        | 3 |  3.3
Spellcasting   | 3 |  3.2
Stealth        | 3 |  3.1
Short Blades   | |  0.1
Conjurations   | |  0.7
Hexes          | |  0.1
Charms         | |  0.1
Ice Magic      | |  3.7

Action                   |  1- 3 |  4- 6 || total
-------------------------+-------+-------++-------
Melee: Whip              |    10 |       ||    10
       Short sword       |    27 |    17 ||    44
 Cast: Freeze            |    46 |    13 ||    59
       Throw Frost       |    13 |     6 ||    19
       Corona            |       |     4 ||     4
  Use: Scroll            |     5 |     2 ||     7
 Stab: Sleeping          |     5 |     1 ||     6
  Eat: Chunk             |     6 |     1 ||     7
Armor: Robe              |    12 |     5 ||    17
Dodge: Dodged            |    54 |    17 ||    71

Table legend:
 A = Non-vault XP
 B = Vault XP
 C = Vault XP percentage of total XP
 D = Non-vault monster count
 E = Vault monster count
 F = Vault count percentage of total count
                 A         B        C        D         E       F
            +---------+---------+-------+---------+---------+-------
      Total |     127 |       0 |   0.0 |      61 |       0 |   0.0
            +---------+---------+-------+---------+---------+-------
        D:1 |      54 |       0 |   0.0 |      29 |       0 |   0.0
        D:2 |      22 |       0 |   0.0 |      14 |       0 |   0.0
        D:3 |      48 |       0 |   0.0 |      17 |       0 |   0.0
        D:4 |       3 |       0 |   0.0 |       1 |       0 |   0.0
            +---------+---------+-------+---------+---------+-------
